 Dungeon Crawl Stone Soup version 0.22-a0-776-ge6d7efa (webtiles) character file.

4922 sking99 the Arsonist (level 10, -1/83 HPs)
             Began as a Grey Draconian Fire Elementalist on July 18, 2018.
             Was a Believer of Vehumet.
             Slain by a killer bee (3 damage)
             ... on level 9 of the Dungeon.
             The game lasted 00:30:56 (11200 turns).

sking99 the Arsonist (DrFE)                        Turns: 11200, Time: 00:30:56

Health: -1/83      AC: 14    Str: 10    XL:     10   Next: 27%
Magic:  1/17       EV: 12    Int: 19    God:    Vehumet [**....]
Gold:   415        SH:  5    Dex: 12    Spells: 2/19 levels left

rFire    . . .     SeeInvis +   a - +3 spear (vamp)
rCold    . . .     Gourm    .   n - +0 buckler
rNeg     . . .     Faith    .   (armour unavailable)
rPois    .         Spirit   .   (helmet restricted)
rElec    .         Reflect  .   (no cloak)
rCorr    .         Harm     .   k - +1 pair of gloves
MR       .....                  (no boots)
Stlth    ++........             g - amulet of rage
HPRegen  0.00/turn              l - ring of see invisible
MPRegen  0.15/turn              (no ring)

@: berserk cooldown, non-regenerating, mildly diseased, slowed, very slow
A: walk through water, unfitting armour, unbreathing, cold-blooded, AC +12
a: Renounce Religion, Evoke Berserk Rage


You were on level 9 of the Dungeon.
You worshipped Vehumet.
Vehumet was pleased with you.
You were not hungry.

You visited 2 branches of the dungeon, and saw 10 of its levels.

You collected 415 gold pieces.

Inventory:

Hand Weapons
 a - a +3 vampiric spear (weapon)
 t - a +0 trident of protection
Armour
 k - a +1 pair of gloves (worn)
 n - a +0 buckler (worn)
Jewellery
 g - an amulet of rage (around neck)
 l - a ring of see invisible (left hand)
Wands
 q - a wand of polymorph (35)
 r - a wand of flame (18)
 x - a wand of random effects (21)
 z - a wand of clouds (5)
Scrolls
 c - 2 scrolls of enchant armour
 h - a scroll of immolation
 o - 2 scrolls of fog
 u - 3 scrolls of remove curse
 y - a scroll of acquirement
Potions
 d - a potion of flight
 e - 10 potions of curing
 i - a potion of berserk rage
 j - a potion of cancellation
 m - 4 potions of agility
 p - a potion of mutation
 v - a potion of lignification {unknown}
 A - a potion of degeneration {unknown}
Comestibles
 b - 11 rations


   Skills:
 + Level 5.7 Fighting
 - Level 1.7 Dodging
 - Level 1.7 Stealth
 - Level 4.0 Shields
 - Level 5.0 Spellcasting
 + Level 7.1 Conjurations
 - Level 4.2 Translocations
 + Level 9.9 Fire Magic


You had 2 spell levels left.
You knew the following spells:

 Your Spells              Type           Power        Failure   Level  Hunger
a - Flame Tongue          Conj/Fire      #####        1%          1    None
b - Throw Flame           Conj/Fire      #####.       1%          2    #......
c - Conjure Flame         Conj/Fire      #####...     1%          3    ##.....
d - Fireball              Conj/Fire      #####.....   11%         5    ######.
e - Sticky Flame          Conj/Fire      #####...     3%          4    ####...
f - Blink                 Tloc           N/A          3%          2    #......

Your spell library contained the following spells:

 Spells                   Type           Power        Failure   Level  Hunger
 Magic Dart               Conj           ####         1%          1    None
 Slow                     Hex            #.......     19%         2    #......
 Mephitic Cloud           Conj/Pois/Air  ##......     14%         3    ##.....
 Call Imp                 Summ           #.......     19%         2    #......
 Inner Flame              Hex/Fire       ###.....     4%          3    ##.....


Dungeon Overview and Level Annotations

Branches:
Dungeon (9/15)             Temple (1/1) D:4
   Lair: D:8-11         Orc: D:9-12

Altars:
Ashenzari
Cheibriados
Dithmenos
Elyvilon
Fedhas
Gozag
Hepliaklqana
Kikubaaqudgha
Makhleb
Nemelex Xobeh
Okawaru
Qazlal
Ru
Sif Muna
Trog
Uskayaw
Vehumet
Wu Jian
Xom
Yredelemnul
Zin
The Shining One


Innate Abilities, Weirdness & Mutations

You can walk through water.
Your dull iron-grey scales are very hard. (AC +12)
You cannot fit into any form of body armour.
You can survive without breathing.
You are cold-blooded and may be slowed by cold attacks.


Message History

Confirm with . or Enter, or press ? or * to list all spells.
Aiming: Throw Flame (safe; 1% risk of failure)
Press: ? - help, Shift-Dir - straight line, f/p - two-headed ogre
Aim: a two-headed ogre, wielding two giant clubs (severely wounded, covered in liquid flames)
The puff of flame hits the two-headed ogre.
The two-headed ogre is almost dead.
The two-headed ogre burns!
You kill the two-headed ogre!
Vehumet accepts your kill.
Your life force feels restored.
Your Conjurations skill increases to level 7!
The killer bee barely misses you. You block the killer bee's attack.
You miss the killer bee.
The killer bee is severely wounded.
The killer bee completely misses you. You block the killer bee's attack.
The killer bee misses you.
You closely miss the killer bee.
The killer bee is severely wounded.
The killer bee stings you.
You die...

.. #. ##### #. #...
##.##... ###...#...####
.....t.###.ZS# #######
y##...nz..o.o# .......
.###.§§≈≈≈.#o####8.P..#
.###§K§§o§.#lZzy@.P...#
.##§§oZ≈o§.#Z####....##
.#.#oZ§≈≈≈...# ....#
(.t.§§§≈...#.# [.###
...#§#.§..##.# .##
..#.o..####### .#
.t###...# .. (.......#
.. #t###...#


You could see an orc warrior, an iguana, a killer bee, a wight, a bullfrog
zombie and a hornet zombie (wandering).

Vanquished Creatures
  A two-headed ogre (D:9)
  Pikel (D:7)
  Maurice (D:8)
  Joseph (D:8)
  A hornet (D:2)
  A slime creature (D:5)
  Grum (D:8)
  A water moccasin (D:7)
  3 slaves (D:7)
  A necrophage (D:6)
  2 phantoms
  4 wolves (D:8)
  3 centaurs
  A crocodile (D:8)
  2 bullfrogs
  A big kobold (D:5)
  A scorpion (D:7)
  A water moccasin skeleton (D:5)
  4 killer bees
  A wight (D:9)
  2 bullfrog zombies (D:9)
  A centaur skeleton (D:6)
  2 hounds
  4 jellies
  5 orc priests
  3 orc wizards
  A bullfrog skeleton (D:4)
  An iguana (D:4)
  Jessica (D:3)
  Natasha (thrice) (D:4)
  7 worker ants
  3 hound skeletons
  A mummy (D:9)
  2 worker ant zombies
  A howler monkey skeleton (D:5)
  9 adders
  2 shadow imps
  3 oozes (D:5)
  An adder skeleton (D:4)
  5 worms
  A dart slug (D:4)
  7 leopard geckos
  23 orcs
  4 giant cockroaches
  4 hobgoblins
  5 jackals
  16 kobolds
  4 quokkas
  A ball python (D:1)
  7 bats
  9 frilled lizards
  8 goblins
  3 leopard gecko skeletons
  A quokka skeleton (D:7)
  13 rats
195 creatures vanquished.

Vanquished Creatures (others)
  3 fungi (D:5)
  8 toadstools (D:5)
11 creatures vanquished.

Grand Total: 206 creatures vanquished

Notes
Turn   | Place    | Note
-------+----------+-------------------------------------------
     0 | D:1      | sking99 the Draconian Fire Elementalist began the quest for the Orb.
     0 | D:1      | Reached XP level 1. HP: 14/14 MP: 3/3
   411 | D:1      | Reached XP level 2. HP: 20/20 MP: 0/5
  1217 | D:2      | Reached XP level 3. HP: 26/26 MP: 1/6
  1492 | D:2      | Learned a level 2 spell: Throw Flame
  1496 | D:2      | Learned a level 3 spell: Conjure Flame
  1852 | D:2      | Noticed a hornet
  1999 | D:2      | Reached XP level 4. HP: 32/33 MP: 1/7
  2524 | D:2      | Killed a hornet
  2524 | D:2      | Reached skill level 4 in Fire Magic
  2524 | D:2      | Reached XP level 5. HP: 23/38 MP: 2/9
  2524 | D:2      | Reached XP level 6. HP: 28/45 MP: 2/10
  2706 | D:3      | Found a white marble altar of Elyvilon.
  3122 | D:3      | Found a bloodstained altar of Trog.
  3271 | D:3      | Found a sparkling altar of Nemelex Xobeh.
  3271 | D:3      | Found a hazy altar of Hepliaklqana.
  3272 | D:3      | Found a stormy altar of Qazlal.
  3469 | D:3      | Noticed Jessica
  3472 | D:3      | Killed Jessica
  4322 | D:4      | Found a staircase to the Ecumenical Temple.
  4338 | Temple   | Entered the Ecumenical Temple
  4441 | Temple   | Became a worshipper of Vehumet
  4510 | D:4      | Learned a level 2 spell: Blink
  4515 | D:4      | Learned a level 4 spell: Sticky Flame
  4533 | D:4      | Your scales start taking on a dull iron-grey colour.
  4533 | D:4      | Reached XP level 7. HP: 50/50 MP: 6/12
  4533 | D:4      | Gained mutation: You can survive without breathing. [Grey Draconian growth]
  4817 | D:4      | You fall through a shaft for 3 floors!
  4857 | D:7      | Reached skill level 5 in Fire Magic
  5345 | D:5      | Entered Level 5 of the Dungeon
  5370 | D:5      | Reached XP level 8. HP: 44/57 MP: 2/14
  5758 | D:5      | Found a shattered altar of Ashenzari.
  5790 | D:4      | Reached skill level 5 in Conjurations
  6057 | D:4      | Reached skill level 6 in Fire Magic
  6363 | D:4      | Noticed Natasha
  6379 | D:4      | Killed Natasha
  6379 | D:4      | Reached skill level 5 in Spellcasting
  6549 | D:4      | Noticed Natasha
  6551 | D:4      | Killed Natasha
  6862 | D:4      | Noticed Natasha
  6865 | D:4      | Killed Natasha
  6994 | D:5      | Found a snail-covered altar of Cheibriados.
  7592 | D:5      | Reached skill level 7 in Fire Magic
  7636 | D:5      | Reached * piety under Vehumet
  7636 | D:5      | Offered knowledge of Sandblast by Vehumet.
  7743 | D:5      | Noticed a slime creature
  7801 | D:5      | Killed a slime creature
  7801 | D:5      | Reached skill level 8 in Fire Magic
  8372 | D:6      | Reached skill level 1 in Fighting
  8372 | D:6      | Reached skill level 1 in Translocations
  8512 | D:6      | Found a burning altar of Makhleb.
  9043 | D:7      | Reached XP level 9. HP: 67/67 MP: 6/16
  9278 | D:7      | Found a deep blue altar of Sif Muna.
  9612 | D:7      | Noticed Pikel
  9623 | D:7      | Killed Pikel
  9748 | D:7      | Found a shadowy altar of Dithmenos.
  9873 | D:7      | Learned a level 5 spell: Fireball
 10172 | D:8      | Reached skill level 9 in Fire Magic
 10439 | D:8      | Noticed Grum
 10466 | D:8      | Killed Grum
 10653 | D:8      | Noticed Maurice
 10665 | D:8      | Killed Maurice
 10665 | D:8      | Offered knowledge of Searing Ray by Vehumet.
 10672 | D:8      | Noticed Joseph
 10787 | D:8      | Killed Joseph
 10787 | D:8      | Reached ** piety under Vehumet
 10787 | D:8      | Reached XP level 10. HP: 58/80 MP: 0/17
 10931 | D:8      | Found a glowing golden altar of the Shining One.
 11048 | D:9      | Noticed a two-headed ogre
 11050 | D:9      | Identified a scroll of acquirement
 11074 | D:9      | Reached skill level 5 in Fighting
 11094 | D:9      | Noticed a two-headed ogre
 11195 | D:9      | HP: 3/81 [two-headed ogre/giant club (8)]
 11198 | D:9      | Killed a two-headed ogre
 11200 | D:9      | Slain by a killer bee

Vault maps used:
D:1:      elethiomel_arrival_maze, st_stairs_11
D:2:      minmay_vboxes
D:3:      overflow_temple_1_default, old_standard_altar,
          gammafunk_temple_overflow_claw, uniq_jessica
D:4:      temple_hall, uniq_natasha
D:5:      cheibrodos_fertilizer, cheibrodos_ashenzari_chains, first_ration,
          basic_altar
D:6:      old_standard_altar
D:7:      led_sif_pool, kennysheep_mini, uniq_pikel
D:8:      tso_metal_star, uniq_joseph, uniq_grum, uniq_maurice
D:9:      minmay_cut_squares, lair_entry_dummy, serial_shops, shop_fountains,
          serial_undead, serial_undead_c, serial_undead_a, serial_undead_f,
          serial_undead_f, special_room
Temple:   nicolae_temple_hex_pool

Skill      XL: |  1  2  3  4  5  6  7  8  9 10 |
---------------+-------------------------------+-----
Conjurations   | 2 3 4 5 6 7 |  7.1
Shields        | 2 3 4 |  4.0
Spellcasting   | 3 4 5 |  5.0
Fire Magic     | 4 5 8 9 |  9.9
Fighting       | 1 4 5 |  5.7
Translocations | 1 4 |  4.2
Dodging        | |  1.7
Stealth        | |  1.7

Action                   |  1- 3 |  4- 6 |  7- 9 | 10-12 || total
-------------------------+-------+-------+-------+-------++-------
Melee: Unarmed           |    16 |       |     1 |       ||    17
       Tailslap          |     5 |     2 |     4 |     1 ||    12
       Spear             |    19 |    32 |    60 |    28 ||   139
 Cast: Flame Tongue      |    59 |    67 |   152 |     1 ||   279
       Throw Flame       |    12 |    33 |   143 |     4 ||   192
       Conjure Flame     |       |     2 |     2 |     1 ||     5
       Sticky Flame      |       |       |     4 |     7 ||    11
  Use: Scroll            |       |    10 |     6 |     2 ||    18
       Potion            |       |       |     4 |     6 ||    10
  Eat: Ration            |     2 |     1 |     2 |     1 ||     6
       Chunk             |     3 |     5 |    14 |     1 ||    23
Armor: Skin              |    17 |    15 |    62 |    64 ||   158
Dodge: Dodged            |    53 |    31 |   113 |    76 ||   273
Block: Buckler           |       |     7 |    34 |    28 ||    69

Table legend:
 A = Spawn XP
 B = Non-spawn XP
 C = Spawn XP percentage of total XP
 D = Spawn monster count
 E = Non-spawn monster count
 F = Spawn count percentage of total count
 G = Total turns spent on level
                    A         B        C        D         E        F      G
               +---------+---------+-------+---------+---------+-------+---------
         Total |       0 |    7032 |   0.0 |       0 |     192 |   0.0 | 11200
               +---------+---------+-------+---------+---------+-------+---------
           D:1 |       0 |      35 |   0.0 |       0 |      23 |   0.0 |  1207
           D:2 |       0 |     370 |   0.0 |       0 |      34 |   0.0 |  1658
           D:3 |       0 |     187 |   0.0 |       0 |      22 |   0.0 |   863
           D:4 |       0 |     610 |   0.0 |       0 |      33 |   0.0 |  2125
           D:5 |       0 |     889 |   0.0 |       0 |      26 |   0.0 |  1724
           D:6 |       0 |     259 |   0.0 |       0 |       5 |   0.0 |   696
           D:7 |       0 |    1366 |   0.0 |       0 |      20 |   0.0 |  1469
           D:8 |       0 |    2022 |   0.0 |       0 |      17 |   0.0 |  1172
           D:9 |       0 |    1294 |   0.0 |       0 |      12 |   0.0 |   154
               +---------+---------+-------+---------+---------+-------+---------
